 Dungeon Crawl Stone Soup version 0.28.0-45-g0d030f2227 (webtiles) character file.

Game seed: 9331098988497825881

521 101zpm the Gusty (level 7, -7/51 HPs)
             Began as a Gnoll Air Elementalist on Apr 23, 2022.
             Mangled by a hornet (12 damage)
             ... on level 4 of the Dungeon.
             The game lasted 00:07:42 (3904 turns).

101zpm the Gusty (Gnoll Air Elementalist)           Turns: 3904, Time: 00:07:43

Health: -7/51      AC:  2    Str:  8    XL:     7   Next: 21%
Magic:  9/15       EV: 13    Int: 22    God:
Gold:   89         SH:  0    Dex: 12    Spells: 16/17 levels left

rFire   . . .      SeeInvis .     - Unarmed
rCold   . . .      Faith    .   (no shield)
rNeg    . . .      Spirit   .   a - +0 robe
rPois   .          Reflect  .   (no helmet)
rElec   .          Harm     .   (no cloak)
rCorr   .          Rampage  .   (no gloves)
Will    .....                   i - -1 pair of boots "Ilujol" {Regen+ Int+6}
Stlth   +++.......              (no amulet)
HPRegen 0.97/turn               (no ring)
MPRegen 0.14/turn               (no ring)

@: lethally poisoned (-7 -> -13), slowed, studying Stealth, very slow
A: fangs 1, strong nose, distributed training
a: no special abilities


You were on level 4 of the Dungeon.
You visited 1 branch of the dungeon, and saw 4 of its levels.

You collected 89 gold pieces.

Inventory:

Missiles
 e - 2 throwing nets
Armour
 a - a +0 robe (worn)
 i - the -1 pair of boots "Ilujol" (worn) {Regen+ Int+6}
   (You found it on level 3 of the Dungeon)

   Int:       It affects your intelligence (+6).
   Regen:     It increases your rate of health regeneration.
Scrolls
 c - 2 scrolls of noise {unknown}
 d - 3 scrolls of identify {unknown}
 f - 2 scrolls of enchant weapon {unknown}
 h - a scroll of teleportation {unknown}
Potions
 b - a potion of resistance {unknown}
 g - a potion of curing


   Skills:
 + Level 2.3 Fighting
 + Level 2.3 Short Blades
 + Level 2.3 Long Blades
 + Level 2.3 Axes
 + Level 2.3 Maces & Flails
 + Level 2.3 Polearms
 + Level 2.3 Staves
 + Level 2.3 Slings
 + Level 2.3 Bows
 + Level 2.3 Crossbows
 + Level 2.3 Throwing
 + Level 2.3 Armour
 + Level 5.2 Dodging
 + Level 5.0 Stealth
 + Level 2.3 Shields
 + Level 2.3 Unarmed Combat
 + Level 5.5 Spellcasting
 + Level 2.9 Conjurations
 + Level 1.9 Hexes
 + Level 1.9 Summonings
 + Level 1.9 Necromancy
 + Level 1.9 Translocations
 + Level 1.9 Transmutations
 + Level 1.9 Fire Magic
 + Level 1.9 Ice Magic
 + Level 5.8 Air Magic
 + Level 1.9 Earth Magic
 + Level 1.9 Poison Magic
 + Level 2.6 Invocations
 + Level 2.3 Evocations


You had 16 spell levels left.
You knew the following spells:

 Your Spells              Type           Power      Damage    Failure   Level
a - Shock                 Conj/Air       100%       1d9       1%          1

Your spell library contained the following spells:

 Spells                   Type           Power      Damage    Failure   Level
 Static Discharge         Conj/Air       25%        N/A       2%          2
 Swiftness                Air            31%        N/A       2%          3
 Airstrike                Air            15%        N/A       9%          4


Dungeon Overview and Level Annotations

Branches:
Dungeon (4/15)
 Temple: D:4-7

Altars:
Wu Jian

Shops:
D:3 ?

Annotations:
D:2 Natasha, Sigmund


Innate Abilities, Weirdness & Mutations

You have very sharp teeth.
Your uncanny sense of smell can sniff out nearby items.
Your experience applies equally to all skills.


Message History

You feel yourself slow down.
You can move again.
Aiming: Shock (safe; 1% risk of failure)
Press: ? - help, Q - select action, (/) - cycle Shift-Dir - straight line, f/p - hornet
Aim: a hornet (heavily wounded, 60% to hit)
The zap misses the hornet.
You hear the brisk hiss of a distant avalanche of sand.
You feel very sick. The hornet stings you!
You feel as though you will be slow longer.
The hornet stings you!
* * * LOW HITPOINT WARNING * * *
You feel as though you will be slow longer.
Aiming: Shock (safe; 1% risk of failure)
Press: ? - help, Q - select action, (/) - cycle Shift-Dir - straight line, f/p - hornet
Aim: a hornet (heavily wounded, 60% to hit)
The zap hits the hornet.
The hornet is severely wounded.
You feel very sick. The hornet stings you.
* * * LOW HITPOINT WARNING * * *
You feel as though you will be slow longer.
The hornet barely misses you.
Aiming: Shock (safe; 1% risk of failure)
Press: ? - help, Q - select action, (/) - cycle Shift-Dir - straight line, f/p - hornet
Aim: a hornet (severely wounded, 60% to hit)
The zap hits the hornet.
The hornet is severely wounded.
You feel sick. The hornet misses you. The hornet closely misses you.
Aiming: Shock (safe; 1% risk of failure)
Press: ? - help, Q - select action, (/) - cycle Shift-Dir - straight line, f/p - hornet
Aim: a hornet (severely wounded, 60% to hit)
The zap hits the hornet.
The hornet is almost dead.
You feel sick. The hornet stings you.
* * * LOW HITPOINT WARNING * * *
You are lethally poisoned!
You feel as though you will be slow longer.
The hornet stings you!
You die...

#.# #.###### #.
#.####...÷..##
#.
#...<.#####..#
####.
#####.##.....#
#.... ∆
#.##.##..# #.###
#.## #.## #.#
#.# #.# #.# #.#
#.# #.# #@#
##.#### #.# #y#
#.....###.#
#....##..#.....#
#.!..##....#####
##.$.##..###
#..##.## ∆
..##.# ..##.#
#....#


You could see a hornet.

Vanquished Creatures
  Blork the orc (D:4)
  2 scorpions
  A hound (D:4)
  An orc priest (D:4)
  An iguana (D:4)
  Terence (D:2)
  An orc wizard (D:4)
  Natasha (D:2)
  4 gnolls (D:2)
  7 adders
  A worm (D:3)
  6 dart slugs
  2 orcs
  4 bats
  5 endoplasms
  A giant cockroach (D:1)
  7 goblins
  7 hobgoblins
  A quokka (D:1)
  6 ball pythons
  2 frilled lizards
  6 kobolds
  10 rats
78 creatures vanquished.

Notes
Turn   | Place    | Note
-------+----------+-------------------------------------------
     0 | D:1      | 101zpm the Gnoll Air Elementalist began the quest for the
                  | Orb.
     0 | D:1      | Reached XP level 1. HP: 13/13 MP: 6/6
   194 | D:1      | Reached XP level 2. HP: 19/19 MP: 3/7
   862 | D:1      | Reached skill level 5 in Spellcasting
   862 | D:1      | Reached XP level 3. HP: 25/25 MP: 5/9
  1532 | D:2      | Noticed Natasha
  1535 | D:2      | Killed Natasha
  1536 | D:2      | Reached skill level 1 in Fighting
  1536 | D:2      | Reached skill level 1 in Short Blades
  1536 | D:2      | Reached skill level 1 in Long Blades
  1536 | D:2      | Reached skill level 1 in Axes
  1536 | D:2      | Reached skill level 1 in Maces & Flails
  1536 | D:2      | Reached skill level 1 in Polearms
  1536 | D:2      | Reached skill level 1 in Staves
  1536 | D:2      | Reached skill level 1 in Slings
  1536 | D:2      | Reached skill level 1 in Bows
  1536 | D:2      | Reached skill level 1 in Crossbows
  1536 | D:2      | Reached skill level 1 in Throwing
  1536 | D:2      | Reached skill level 1 in Armour
  1536 | D:2      | Reached skill level 1 in Shields
  1536 | D:2      | Reached skill level 1 in Unarmed Combat
  1536 | D:2      | Reached skill level 1 in Invocations
  1536 | D:2      | Reached skill level 1 in Evocations
  1536 | D:2      | Reached XP level 4. HP: 32/32 MP: 7/11
  1663 | D:2      | Noticed Natasha
  1724 | D:2      | Reached skill level 1 in Hexes
  1724 | D:2      | Reached skill level 1 in Summonings
  1724 | D:2      | Reached skill level 1 in Necromancy
  1724 | D:2      | Reached skill level 1 in Translocations
  1724 | D:2      | Reached skill level 1 in Transmutations
  1724 | D:2      | Reached skill level 1 in Fire Magic
  1724 | D:2      | Reached skill level 1 in Ice Magic
  1724 | D:2      | Reached skill level 1 in Earth Magic
  1724 | D:2      | Reached skill level 1 in Poison Magic
  1736 | D:2      | Reached XP level 5. HP: 34/37 MP: 2/12
  2101 | D:2      | Found an ornate altar of the Wu Jian Council.
  2212 | D:2      | Noticed Terence
  2224 | D:2      | Killed Terence
  2385 | D:2      | Noticed Sigmund
  2425 | D:3      | Reached XP level 6. HP: 25/44 MP: 2/13
  2964 | D:3      | Found Daluraw's Magic Scroll Shoppe.
  3482 | D:3      | Identified the -1 pair of boots "Ilujol" {Regen+ Int+6}
  3541 | D:4      | Reached skill level 5 in Dodging
  3691 | D:4      | Reached XP level 7. HP: 50/50 MP: 7/15
  3751 | D:4      | Noticed Blork the orc
  3761 | D:4      | Killed Blork the orc
  3762 | D:4      | Reached skill level 5 in Stealth
  3894 | D:4      | Noticed a hornet
  3898 | D:4      | Paralysed by a hornet for 3 turns
  3904 | D:4      | Mangled by a hornet

Illustrated notes

Levels and vault maps discovered:
D:1:      shiori_arrival_elements, layout_loops_corners, corexii_hall_statues_x,
          dk_noncrumbling_2
D:2:      layout_basic, basic_altar, minmay_joined_circles, uniq_natasha,
          uniq_sigmund, uniq_terence
D:3:      layout_basic, serial_rivers, chequers_serial_rivers_small_3,
          chequers_serial_rivers_micro_d, chequers_serial_rivers_marsh,
          chequers_serial_rivers_micro_c, serial_shops, nicolae_shop_stone,
          chequers_serial_rivers_large_b
D:4:      layout_loops_ring, nicolae_ossuary_entry_catacombs,
          grunt_decor_resistance, minmay_manual_monolith, uniq_blork_the_orc

Skill      XL: |  1  2  3  4  5  6  7 |
---------------+----------------------+-----
Conjurations   | 2 |  2.9
Spellcasting   | 5 |  5.5
Fighting       | 1 2 |  2.3
Short Blades   | 1 2 |  2.3
Long Blades    | 1 2 |  2.3
Axes           | 1 2 |  2.3
Maces & Flails | 1 2 |  2.3
Polearms       | 1 2 |  2.3
Staves         | 1 2 |  2.3
Slings         | 1 2 |  2.3
Bows           | 1 2 |  2.3
Crossbows      | 1 2 |  2.3
Throwing       | 1 2 |  2.3
Armour         | 1 2 |  2.3
Shields        | 1 2 |  2.3
Unarmed Combat | 1 2 |  2.3
Invocations    | 1 2 |  2.6
Evocations     | 1 2 |  2.3
Hexes          | 1 |  1.9
Summonings     | 1 |  1.9
Necromancy     | 1 |  1.9
Translocations | 1 |  1.9
Transmutations | 1 |  1.9
Fire Magic     | 1 |  1.9
Ice Magic      | 1 |  1.9
Earth Magic    | 1 |  1.9
Poison Magic   | 1 |  1.9
Dodging        | 5 |  5.2
Stealth        | 5 |  5.0
Air Magic      | |  5.8

Action                   |  1- 3 |  4- 6 |  7- 9 || total
-------------------------+-------+-------+-------++-------
 Cast: Shock             |    46 |   116 |    22 ||   184
Armor: Robe              |     1 |     1 |       ||     2
Dodge: Dodged            |     1 |    14 |     8 ||    23
